 Dungeon Crawl Stone Soup version 0.19.0-22-gd96e5fe (webtiles) character file.

116 Monsterracer the Ruffian (level 4, -1/45 HPs)
             Began as a Troll Monk on Nov 18, 2016.
             Slain by Sigmund
             ... wielding a +0 scythe
              (8 damage)
             ... on level 2 of the Dungeon.
             The game lasted 00:03:35 (1242 turns).

Monsterracer the Ruffian (Troll Monk)               Turns: 1242, Time: 00:03:35

Health: -1/45      AC:  5    Str: 19    XL:     4   Next: 69%
Magic:  3/3        EV: 11    Int:  6    God:
Gold:   67         SH:  0    Dex: 13    Spells: 0 memorised, 3 levels left

rFire  . . .     SeeInvis .       - Unarmed
rCold  . . .     Gourm    +     a - +0 robe
rNeg   . . .     Faith    .     (no shield)
rPois  .         Spirit   .     (helmet restricted)
rElec  .         Reflect  .     (no cloak)
rCorr  .         Harm     .     (gloves unavailable)
MR     .....                    (boots unavailable)
Stlth  ++........               (no amulet)
                                (no ring)
                                (no ring)

@: no status effects
A: unfitting armour, claws 3, fast metabolism 3, gourmand, regeneration 1,
shaggy fur 1, tough skin 2
a: no special abilities


You were on level 2 of the Dungeon.
You were completely stuffed.

You visited 1 branch of the dungeon, and saw 2 of its levels.

You collected 67 gold pieces.

Inventory:

Missiles
 c - 66 stones (quivered)
Armour
 a - a +0 robe (worn)
Jewellery
 o - an uncursed ring of wizardry
Wands
 p - a wand of digging (12/24)
 q - a wand of flame (15/48)
Scrolls
 d - 4 scrolls of identify {unknown}
 f - a scroll of enchant armour {unknown}
 g - 2 scrolls of remove curse {unknown}
 i - 2 scrolls of recharging {unknown}
 j - a scroll of teleportation {unknown}
 k - a scroll of fog {unknown}
 l - a scroll of enchant weapon {unknown}
Potions
 m - 3 potions of flight
Comestibles
 b - 2 bread rations
 h - 4 fruits
 n - a chunk of flesh


   Skills:
 + Level 3.1 Fighting
 + Level 3.0 Dodging
 - Level 1.0 Stealth
 * Level 4.4 Unarmed Combat


You had 3 spell levels left.
You didn't know any spells.

Dungeon Overview and Level Annotations

Branches:
Dungeon (2/15)

Altars:

Annotations:
D:2 Sigmund


Innate Abilities, Weirdness & Mutations

You are too large for most types of armour.
You have claws for hands.
Your metabolism is lightning-fast.
You like to eat raw meat.
Your natural rate of healing is unusually fast.
You are covered in fur. (AC +1)
You have very tough skin. (AC +2)


Message History

You bump into the rock wall.
Something hits you!
You completely miss something.
You feel less confused. Something hits you.
* * * LOW HITPOINT WARNING * * *
You see here 7 gold pieces.
You miss something.
You hear some strange, mumbled words.
Something tries to affect you, but you resist.
You barely miss something.
You hear some strange, mumbled words.
A magic dart appears from out of thin air!
The magic dart hits you!
* * * LOW HITPOINT WARNING * * *
As you read the scroll labeled OSAICH ROUJENWUONN, it crumbles to dust.
You hear a loud clanging noise!
It was a scroll of noise.
You hear an angry hiss.
You hear a shout!
Something hits you!
You die...

######### ........# #
#########.######.# #>
................. #$
#.......#####... #####.#
#.......# #..#
.......##.......#####...
.......@................
.......{........#####...
.......##......## #...
####... #.....#######.#.
#... #.###.##.†...###
#...##.###.##.#..##<#
#?..#...##.##.#.##...
#####...##.#######.⌠.
#...##.##...##...


There were no monsters in sight!

Vanquished Creatures
  Natasha (D:2)
  3 adders (D:2)
  3 dart slugs
  2 leopard geckos (D:2)
  A ball python (D:1)
  7 bats
  4 giant cockroaches (D:1)
  9 goblins
  2 hobgoblins
  3 jackals (D:1)
  A quokka (D:2)
  5 frilled lizards
  6 kobolds
  10 rats
57 creatures vanquished.

Notes
Turn   | Place    | Note
-------+----------+-------------------------------------------
     0 | D:1      | Monsterracer the Troll Monk began the quest for the Orb.
     0 | D:1      | Reached XP level 1. HP: 22/22 MP: 0/0
   114 | D:1      | Reached XP level 2. HP: 28/29 MP: 1/1
   337 | D:1      | Reached XP level 3. HP: 36/36 MP: 2/2
   960 | D:2      | Reached skill level 4 in Unarmed Combat
   963 | D:2      | Reached XP level 4. HP: 39/45 MP: 3/3
  1183 | D:2      | Noticed Natasha
  1189 | D:2      | Killed Natasha
  1216 | D:2      | Noticed Sigmund
  1242 | D:2      | Slain by Sigmund

Skill      XL: |  1  2  3  4 |
---------------+-------------+-----
Fighting       | 3 |  3.1
Unarmed Combat | 4 |  4.4
Dodging        | 3 |  3.0
Stealth        | |  1.0

Action                   |  1- 3 |  4- 6 || total
-------------------------+-------+-------++-------
Melee: Unarmed           |   119 |    25 ||   144
       Punch             |     1 |     1 ||     2
  Use: Potion            |     2 |     2 ||     4
       Scroll            |       |     1 ||     1
 Stab: Sleeping          |     3 |     1 ||     4
  Eat: Chunk             |    13 |     4 ||    17
Armor: Robe              |    57 |     5 ||    62
       Skin              |       |     2 ||     2
Dodge: Dodged            |    68 |     8 ||    76
